 Dungeon Crawl Stone Soup version 0.16.1-2-g95b8d4c (webtiles) character file.

100 RobertPalmer the Cutter (level 4, 0/29 HPs)
             Began as an Octopode Warper on Mar 26, 2015.
             Was an Initiate of Kikubaaqudgha.
             Slain by Terence
             ... wielding a +0 mace
              (3 damage)
             ... on level 1 of the Dungeon.
             The game lasted 00:05:45 (2393 turns).

RobertPalmer the Cutter (Octopode Warper)           Turns: 2393, Time: 00:05:45

Health: 0/29       AC:  1    Str: 10    XL:     4   Next: 73%
Magic:  7/7        EV: 12    Int: 15    God:    Kikubaaqudgha [......]
Gold:   60         SH:  0    Dex: 12    Spells: 2 memorised, 5 levels left

rFire  . . .     SeeInvis .     a - +1 dagger (pain)
rCold  . . .     Clarity  .     (no shield)
rNeg   . . .     SustAb   .     (helmet restricted)
rPois  .         Gourm    .     k - amulet of faith {Faith, !P}
rElec  .         Spirit   .     (no ring)
rCorr  .         Warding  .     (no ring)
rMut   .         Stasis   .     (no ring)
MR     .....                    (no ring)
Stlth  ++........               (no ring)
                                (no ring)
                                (no ring)
                                (no ring)

@: not resistant to hostile enchantments, unstealthy
A: almost no armour, amphibious, 8 rings, constrict 8, camouflage 1, gelatinous
body 1
a: Renounce Religion


You were on level 1 of the Dungeon.
You worshipped Kikubaaqudgha.
Kikubaaqudgha was noncommittal.
You were hungry.

You visited 1 branch of the dungeon, and saw 3 of its levels.

You collected 60 gold pieces.

Inventory:

Hand weapons
 a - a +1 dagger of pain (weapon)
   (You took it off Jessica on level 2 of the Dungeon)
Missiles
 b - 2 tomahawks (quivered)
 e - 5 tomahawks of dispersal {=f}
Jewellery
 k - an amulet of faith (around mantle) {Faith, !P}
   (You found it on level 2 of the Dungeon)
Scrolls
 h - a scroll of immolation {unknown}
Potions
 i - a potion of poison {unknown}
 j - a potion of might
 n - a potion of heal wounds
 o - a potion of invisibility {unknown}
 q - a potion of curing
Books
 c - a book of Spatial Translocations
 r - Sif Muna's Volume of Transformation
   (You found it on level 2 of the Dungeon)

   Spells                             Type                      Level
   a - Beastly Appendage              Transmutation                1
 s - Vehumet's Reference Book on Arcane Weapons
   (You found it on level 2 of the Dungeon)

   Spells                             Type                      Level
   a - Magic Dart                     Conjuration                  1
 t - Kikubaaqudgha's Guide on Unholy Secrets
   (You found it on level 2 of the Dungeon)

   Spells                             Type                      Level
   a - Animate Skeleton               Necromancy                   1
Comestibles
 f - a bread ration {@e1}
 l - a meat ration {@e2}


   Skills:
 - Level 2.0 Fighting
 - Level 4.5 Short Blades
 - Level 1.0 Throwing
 - Level 2.3 Dodging
 - Level 2.0 Spellcasting
 + Level 1.1 Necromancy
 - Level 3.0 Translocations


You had 5 spell levels left.
You knew the following spells:

 Your Spells              Type           Power        Failure   Level  Hunger
g - Apportation           Tloc           ##........   8%          1    #......
A - Animate Skeleton      Necr           N/A          14%         1    #......


Dungeon Overview and Level Annotations

Branches:
Dungeon (3/15)

Altars:
Kikubaaqudgha
Sif Muna
Vehumet

Annotations:
D:1 Terence
D:2 Sigmund


Innate Abilities, Weirdness & Mutations

You cannot wear most types of armour.
You are amphibious.
You can wear up to eight rings at the same time.
You can use your tentacles to constrict many enemies at once.
Your skin changes colour to match your surroundings (Stealth).
Your rubbery body absorbs attacks (AC +1).


Message History

There is a stone staircase leading down here.
There is a stone staircase leading down here.
There is a stone staircase leading down here.
You regained 3 hp, and now have 28/29 hp.
You climb downwards.
Level annotation: Sigmund, Terence
There is a stone staircase leading up here.
Health restored: 29 Unknown command.
You see here 2 stones.
You see here a scale mail.
There is a stone staircase leading down here.
Unknown command.
Unknown command.
Unknown command.
Unknown command.
You climb downwards.
There is a stone staircase leading up, spattered with blood here.
You start waiting.
The orc shouts!
The orc throws a tomahawk.
The tomahawk hits you.
You take 4 damage, and have 25/29 hp.
The orc throws a tomahawk.
The tomahawk hits you.
You take 5 damage, and have 20/29 hp.
b - 2 tomahawks The orc wizard shouts!
The orc wizard mumbles some strange words.
The orc wizard seems to speed up.
The orc wizard shouts!
The orc hits you with a dagger.
You climb upwards.
Level annotation: Sigmund, Terence
There is a stone staircase leading down here.
You take 4 damage, and have 16/29 hp.
You are too injured to fight recklessly!
You hit the orc but do no damage.
The orc writhes in agony.
Your grab misses the orc. You barely miss the orc. Your grab misses the orc.
The orc hits you with a dagger.
You take 4 damage, and have 12/29 hp.
You hit the orc but do no damage. You grab the orc. You squeeze the orc.
You kill the orc!
Kikubaaqudgha accepts your kill.
Things that are here:
a dagger; a leather armour There isn't anything to butcher here.
You start resting.
You are feeling hungry.
You start resting.
Unknown command.
Terence shouts!
Read which item? (? for menu, Esc to quit)
Okay, then.
You see here a stone.
You see here a stone.
Terence says, "Don't bother to defend, it's senseless."
There is a stone staircase leading up here.
Sigmund shouts!
Sigmund casts a spell at you. The magic dart hits you!
Terence barely misses you.
You climb upwards.
A bat comes into view.
There is a stone staircase leading down here.
You take 8 damage, and have 9/29 hp.
MASSIVE DAMAGE!!
Unknown command.
Unknown command.
Unknown command.
Unknown command.
Unknown command.
Okay, then.
You closely miss the bat. Your grab misses the bat. The bat misses you.
Terence hits you with a mace.
* * * LOW HITPOINT WARNING * * *
You take 1 damage, and have 8/29 hp.
Unknown command.
The bat hits you.
* * * LOW HITPOINT WARNING * * *
The bat hits you.
* * * LOW HITPOINT WARNING * * *
You take 2 damage, and have 6/29 hp.
Unknown command.
You closely miss the bat. Your grab misses the bat. The bat closely misses you.
Terence hits you with a mace.
* * * LOW HITPOINT WARNING * * *
The bat closely misses you.
You take 2 damage, and have 4/29 hp.
Unknown command.
You hit the bat but do no damage.
The bat writhes in agony.
Your grab misses the bat. The bat hits you.
* * * LOW HITPOINT WARNING * * *
The bat barely misses you.
You take 1 damage, and have 3/29 hp.
Unknown command.
You hit the bat.
You kill the bat!
Kikubaaqudgha accepts your kill. Terence hits you with a mace.
You die...
Kikubaaqudgha rasps: "You have failed me!
Welcome... death!"

.......##########################
.................................
..............................##.
...##........################.##.
...##......).# #.##.
...##........##### #.##.
.)..............># #.##.
...###.#########@# ##### #.##.
#..#...#########@# #...# #.##.
...#..........##.# #.#.# #.##.
...#......###.##.# #.#.# #.##.
..........###.##.# #.#.# #.##.
..##...........#.# #.#.# #.##.
..##...........#.# #.#.# #.##.
..##...........#.#####.#.####.##.
...#.................#.#.##......
...#.................#.#.##.#.###


You could see Terence.

Vanquished Creatures
  Jessica (D:2)
  An adder (D:2)
  2 giant geckos
  An ooze (D:1)
  2 orcs
  8 bats
  A giant cockroach (D:1)
  10 hobgoblins
  15 kobolds
  7 giant newts
  11 goblins
  9 rats
68 creatures vanquished.

Vanquished Creatures (others)
  A bat skeleton (D:2)
1 creature vanquished.

Grand Total: 69 creatures vanquished

Notes
Turn   | Place    | Note
--------------------------------------------------------------
     0 | D:1      | RobertPalmer, the Octopode Warper, began the quest for the Orb.
     0 | D:1      | Reached XP level 1. HP: 14/14 MP: 3/3
   205 | D:1      | Reached XP level 2. HP: 19/19 MP: 4/4
   354 | D:1      | Reached skill level 3 in Short Blades
   491 | D:1      | Reached XP level 3. HP: 17/24 MP: 6/6
  1372 | D:2      | Reached skill level 4 in Short Blades
  1372 | D:2      | Reached XP level 4. HP: 29/29 MP: 7/7
  1374 | D:2      | Noticed Jessica
  1386 | D:2      | Killed Jessica
  1508 | D:2      | Found a deep blue altar of Sif Muna.
  1512 | D:2      | Identified Sif Muna's Volume of Transformation
  1516 | D:2      | Found a radiant altar of Vehumet.
  1520 | D:2      | Identified Vehumet's Reference Book on Arcane Weapons
  1524 | D:2      | Found an ancient bone altar of Kikubaaqudgha.
  1528 | D:2      | Identified Kikubaaqudgha's Guide on Unholy Secrets
  1536 | D:2      | Noticed Terence
  1547 | D:2      | Became a worshipper of Kikubaaqudgha
  1550 | D:2      | Learned a level 1 spell: Animate Skeleton
  1592 | D:2      | Noticed Sigmund
  2023 | D:3      | HP: 7/29 [giant gecko (4)]
  2122 | D:2      | Reached skill level 1 in Necromancy
  2390 | D:1      | HP: 7/29 [bat (1)]
  2392 | D:1      | HP: 3/29 [bat (1)]
  2393 | D:1      | Slain by Terence

Action                   |  1- 3 |  4- 6 || total
-------------------------+-------+-------++-------
Melee: Short sword       |    11 |       ||    11
       Dagger            |    74 |    61 ||   135
Throw: Stone             |       |     6 ||     6
       Tomahawk          |       |     4 ||     4
 Cast: Animate Skeleton  |       |     1 ||     1
  Use: Scroll            |       |     6 ||     6
       Potion            |       |     2 ||     2
 Stab: Sleeping          |     4 |     1 ||     5
  Eat: Chunk             |     1 |     3 ||     4

Vault maps used:
D:1:      ncdulo_watergridlock, baited_tele_trap
D:2:      grunt_temple_overflow_magic_moments, uniq_jessica, uniq_sigmund,
          uniq_terence
D:3:      first_bread, minmay_misc_feat_ornament

Table legend:
 A = Turns spent in this place as a percentage of turns spent in the entire game.
 B = Non-inter-level travel turns spent in this place as a percentage of non-inter-level travel turns spent in the entire game.
 C = Inter-level travel turns spent in this place as a percentage of turns spent in this place.
 D = Turns resting spent in this place as a percentage of non-inter-level travel turns spent in this place.
 E = Turns spent auto-exploring this place as a percentage of non-inter-level travel turns spent in this place.
 F = Non-inter-level travel turns spent in this place divided by the number of levels of this place that you've seen.
                   A       B       C       D       E      F
               +-------+-------+-------+-------+-------+----------------------
         Total | 100.0 | 100.0 |   0.3 |   2.2 |   6.1 | 386.0
       Dungeon | 100.0 | 100.0 |   0.3 |   2.2 |   6.1 | 386.0
               +-------+-------+-------+-------+-------+----------------------

Table legend:
 A = Kills in this place as a percentage of kills in entire the game.
 B = Kills by you in this place as a percentage of kills by you in the entire game.
 C = Kills by friends in this place as a percentage of kills by friends in the entire game.
 D = Other kills in this place as a percentage of other kills in the entire game.
 E = Experience gained in this place as a percentage of experience gained in the entire game.
 F = Experience gained in this place divided by the number of levels of this place that you have seen.
                   A       B       C       D       E      F
               +-------+-------+-------+-------+-------+----------------------
         Total | 100.0 | 100.0 |  -nan |  -nan | 100.0 |  47.7
       Dungeon | 100.0 | 100.0 |  -nan |  -nan | 100.0 |  47.7
               +-------+-------+-------+-------+-------+----------------------
